 Dungeon Crawl Stone Soup version 0.20-a0-449-g96be121 (webtiles) character file.

193310 Fhqwhgads the Tortoise (level 18, 0/132 HPs)
             Began as a Halfling Berserker on Jan 6, 2017.
             Was a High Priest of Trog.
             Slain by a rakshasa
             ... wielding a +0 great sword
              (4 damage)
             ... while paralysed
             ... on level 1 of the Depths on Jan 7, 2017.
             The game lasted 01:41:03 (30999 turns).

Fhqwhgads the Tortoise (Halfling Berserker)        Turns: 30999, Time: 01:41:03

Health: 0/132      AC: 33    Str: 27    XL:     18   Next: 95%
Magic:  19/19      EV:  3    Int:  5    God:    Trog [*****.]
Gold:   2421       SH:  0    Dex: 16    Spells: 17/17 levels left

rFire  + . .     SeeInvis .     a - +3 double sword (freeze)
rCold  . . .     Gourm    .     v - +2 plate armour {rF+}
rNeg   . . .     Faith    .     (shield currently unavailable)
rPois  +         Spirit   .     D - +4 helmet of Springtime {*Drain rPois Stlth+}
rElec  .         Reflect  +     x - +1 cloak {rPois}
rCorr  .         Harm     .     l - +2 pair of gloves
MR     +++..                    Q - +0 pair of boots
Stlth  ..........               s - +2 amulet of reflection
                                I - +3 ring of strength
                                M - +5 ring of evasion

@: paralysed, exhausted, regenerating, slowed
A: high mp 1, mutation resistance 1
}: 1/15 runes: decaying
a: Berserk, Trog's Hand, Brothers in Arms, Burn Spellbooks, Renounce Religion


You were on level 1 of the Depths.
You worshipped Trog.
Trog was extremely pleased with you.
You were not hungry.

You visited 6 branches of the dungeon, and saw 29 of its levels.
You visited the Abyss 2 times.
You also visited: Sewer.

You collected 2714 gold pieces.
You spent 293 gold pieces at shops.

Inventory:

Hand Weapons
 a - a +3 double sword of freezing (weapon)
 b - a +3 scimitar of flaming
Armour
 l - a +2 pair of gloves (worn)
 v - a +2 plate armour of fire resistance (worn)
 x - a +1 cloak of poison resistance (worn)
 D - the +4 helmet of Springtime (worn) {*Drain rPois Stlth+}
   (You acquired it on level 4 of the Swamp)

   It protects you from poison.
   It causes draining when unequipped.
   It makes you more stealthy.
 Q - a +0 pair of boots (worn)
Jewellery
 s - a +2 amulet of reflection (around neck)
 I - a +3 ring of strength (right hand)
 M - a +5 ring of evasion (left hand)
Wands
 B - a wand of acid (9/15)
 G - a wand of iceblast (11/15)
 L - a wand of iceblast (7/15)
Scrolls
 g - a scroll of fear
 h - 8 scrolls of teleportation
 n - 14 scrolls of remove curse
 E - 2 scrolls of blinking
 J - a scroll of fog
 K - 4 scrolls of identify
Potions
 d - a potion of invisibility
 e - a potion of agility
 o - 8 potions of curing
 w - a potion of resistance
 A - a potion of haste
Comestibles
 c - 18 bread rations


   Skills:
 + Level 14.6 Fighting
 - Level 15.0 Long Blades
 - Level 17.0 Armour
 - Level 17.0 Dodging
   Level 9.0 Shields


You had 17 spell levels left.
You didn't know any spells.

Dungeon Overview and Level Annotations

Branches:
Dungeon (15/15)            Temple (0/1) D:6            Lair (6/6) D:10
  Swamp (4/4) Lair:4       Spider (0/4) Lair:3        Slime (0/5) Lair:5
    Orc (2/2) D:11            Elf (0/3) Orc:2        Vaults (1/5) D:13
 Depths (1/5) D:15

Altars:
Cheibriados
Dithmenos
Elyvilon
Fedhas
Hepliaklqana
Okawaru
Ru
Trog
Uskayaw
Yredelemnul
Beogh
Jiyva

Shops:
D:6 (   D:7 *   D:9 }   Orc:2 %[([

Annotations:
D:7 1 runed door


Innate Abilities, Weirdness & Mutations

You are small and have problems with some larger weapons.
You are somewhat resistant to further mutation.
You have an increased reservoir of magic. (+10% MP)


Message History

The ettin misses you.
Unknown command.
You slash the ettin! You freeze the ettin.
The ettin is moderately wounded.
The rakshasa misses you.
The rakshasa blinks!
You slice the ettin!! You freeze the ettin.
The ettin is heavily wounded.
You are no longer berserk.
You pass out from exhaustion.
You feel yourself slow down. The ettin hits you with a dire flail.
* * * LOW HITPOINT WARNING * * *
The ettin hits you with a dire flail!
* * * LOW HITPOINT WARNING * * *
The rakshasa blinks!
The ettin hits you with a dire flail!
* * * LOW HITPOINT WARNING * * *
The ettin hits you with a dire flail.
* * * LOW HITPOINT WARNING * * *
The rakshasa hits you with a great sword.
You die...

.. .T.......# #.#
...R....#
....#.......##
#...+.#C#..)'.
..##........#
#.##..#.#)..# #.#
#...$R+##.#
#.#####RC.....#
#...R@RC##.##..
#.####CR# #.#
.R.# #.# ..###
####'#.#+#####
#...........[.
####.♣♣♣♣..≈≈≈≈§≈
#....♣ ♣..§§§≈##
#.##<♣##♣..≈≈≈≈≈≈


You could see 3 ettins and 6 rakshasas.

Vanquished Creatures
  Bai Suzhen (Swamp:4)
  Jorgrun (Swamp:3)
  A tentacled monstrosity (Swamp:1)
  A tentacled starspawn (Abyss:1)
  Roxanne (Swamp:2)
  2 thorn hunters
  6 vault wardens (Vaults:1)
  An emperor scorpion (D:15)
  An orc warlord (Orc:2)
  4 ironheart preservers (Vaults:1)
  A stone giant (Vaults:1)
  A deep elf death mage (Vaults:1)
  Snorg (D:10)
  Josephine (D:14)
  2 yaktaur captains (Vaults:1)
  7 vault guards
  3 great orbs of eyes
  3 catoblepae (Lair:6)
  A ghost crab (Swamp:4)
  25 hydras
  A rakshasa (D:15)
  5 two-headed ogres
  3 centaur warriors
  3 deep troll shamans (Depths:1)
  A death knight (D:13)
  4 alligators
  8 death yaks
  An orc high priest (Orc:2)
  A deep troll earth mage (Depths:1)
  A thrashing horror (Abyss:1)
  Sonja (Lair:2)
  2 wretched stars
  A deep elf knight (Vaults:1)
  An unseen horror (shapeshifter) (Vaults:1)
  7 deep trolls (Depths:1)
  2 spriggan druids
  3 shambling mangroves
  11 swamp dragons
  5 unseen horrors
  2 wizards (D:13)
  4 deep elf archers (Vaults:1)
  2 necromancers
  5 ironbrand convokers (Vaults:1)
  The ghost of Vash the Slasher, a novice DsGl (D:6)
  An orc sorcerer (Orc:2)
  2 manticores (Lair:6)
  4 orc knights
  7 ugly things
  3 deep elf magi
  4 cyclopes
  A salamander (D:15)
  A worldbinder (Abyss:2)
  2 vault sentinels (Vaults:1)
  An apocalypse crab (Abyss:1)
  A smoke demon (Abyss:2)
  An orange demon (Abyss:2)
  A black mamba (Lair:4)
  2 large abominations
  A gargoyle (D:12)
  5 komodo dragons
  4 centaur skeletons
  4 rime drakes
  15 spiny frogs
  7 yaktaurs
  2 kobold demonologists
  An efreet (Abyss:1)
  A freezing wraith (Vaults:1)
  A polar bear (Lair:4)
  3 ancient zymes
  2 tyrant leeches
  8 trolls
  16 hornets
  23 slime creatures
  2 raiju
  4 bog bodies
  27 blink frogs
  5 hippogriffs
  17 starcursed masses
  A centaur simulacrum (D:15)
  A vampire (D:10)
  A redback (Lair:3)
  66 yaks
  5 spriggans
  6 wyverns
  4 basilisks
  5 wraiths
  19 humans (D:13)
  20 vampire mosquitoes
  A neqoxec (Abyss:2)
  2 steam dragons
  3 hungry ghosts
  A hog (shapeshifter) (D:13)
  20 swamp worms
  11 insubstantial wisps
  3 wargs
  2 hell hounds (D:10)
  3 soldier ants
  10 water moccasins
  6 porcupines
  10 swamp drakes
  38 orc warriors
  9 ice beasts
  2 sky beasts
  Purgy (Sewer)
  A hornet zombie (D:7)
  A black bear (D:7)
  A phantom (D:9)
  An eye of draining (D:10)
  16 ogres
  3 boggarts (Vaults:1)
  A necrophage (D:5)
  A wolf (Lair:5)
  27 centaurs
  7 crocodiles
  2 big kobolds
  13 bullfrogs
  A wyvern zombie (D:14)
  8 scorpions
  7 small abominations
  A water moccasin zombie (D:6)
  13 killer bees
  4 howler monkeys
  17 wights
  5 crimson imps
  2 centaur zombies
  A quasit (D:9)
  2 bullfrog zombies
  4 jellies
  7 hounds
  32 orc priests
  An iron imp (Abyss:1)
  A bullfrog skeleton (D:10)
  Ijyb (D:2)
  12 hell rats
  5 iguanas
  24 orc wizards
  8 worker ants
  A hound zombie (D:9)
  A hound skeleton (D:10)
  2 howler monkey zombies (D:9)
  4 gnolls (D:7)
  14 river rats (Lair:1)
  8 adders
  2 shadow imps
  2 white imps
  An ufetubus (Abyss:1)
  An ooze (D:1)
  5 worms
  2 dart slugs
  9 leopard geckos
  139 orcs
  5 giant cockroaches
  9 hobgoblins
  17 jackals
  24 quokkas
  4 bats
  5 frilled lizards
  5 goblins
  20 kobolds
  A leopard gecko skeleton (D:5)
  23 rats
  2 plants
1104 creatures vanquished.

Vanquished Creatures (collateral kills)
  A great orb of eyes (Vaults:1)
  A vault guard (Vaults:1)
  A deep elf archer (Vaults:1)
  A spiny frog (Swamp:4)
  3 hornets
  2 blink frogs (Swamp:3)
  A tyrant leech (Swamp:1)
  A spriggan (Swamp:1)
  A swamp worm (Swamp:3)
  2 orc warriors (Orc:2)
  2 orcs (Orc:2)
16 creatures vanquished.

Vanquished Creatures (others)
  A thorn hunter (Swamp:3)
  A shadow wraith (Vaults:1)
  2 blink frogs (Swamp:3)
  A vampire mosquito (Lair:3)
  15 fungi
  7 plants
  2 starspawn tentacles (Abyss:1)
29 creatures vanquished.

Grand Total: 1149 creatures vanquished

Notes
Turn   | Place    | Note
-------+----------+-------------------------------------------
     0 | D:1      | Fhqwhgads the Halfling Berserker began the quest for the Orb.
     0 | D:1      | Reached XP level 1. HP: 15/15 MP: 1/1
   121 | D:1      | Reached XP level 2. HP: 20/20 MP: 2/2
   333 | D:1      | Reached XP level 3. HP: 21/25 MP: 3/3
  1270 | D:2      | Noticed Ijyb
  1294 | D:2      | Killed Ijyb
  1294 | D:2      | Reached ** piety under Trog
  1294 | D:2      | Reached XP level 4. HP: 24/30 MP: 4/4
  1390 | D:2      | Reached skill level 5 in Long Blades
  1581 | D:2      | Reached XP level 5. HP: 28/35 MP: 5/5
  1881 | D:3      | Reached *** piety under Trog
  2088 | D:3      | Noticed a centaur
  2100 | D:3      | Killed a centaur
  2100 | D:3      | Reached XP level 6. HP: 41/41 MP: 6/6
  2437 | D:4      | Noticed an ogre
  2446 | D:4      | Killed an ogre
  2474 | D:4      | Noticed a moth of wrath
  2531 | D:4      | Noticed an ogre
  2534 | D:4      | Killed an ogre
  2534 | D:4      | Reached XP level 7. HP: 43/45 MP: 7/7
  2580 | D:4      | Found a white marble altar of Elyvilon.
  2665 | D:4      | Found a glowing drain.
  2673 | Sewer    | Entered a sewer
  2773 | Sewer    | Noticed Purgy
  2781 | Sewer    | Killed Purgy
  3229 | D:4      | Reached **** piety under Trog
  3263 | D:4      | Found a bloodstained altar of Trog.
  3351 | D:5      | Entered Level 5 of the Dungeon
  3399 | D:5      | Reached XP level 8. HP: 33/54 MP: 8/8
  3472 | D:5      | Found a snail-covered altar of Cheibriados.
  3654 | D:5      | Received a gift from Trog
  3817 | D:5      | Found a shadowy altar of Dithmenos.
  3914 | D:5      | Reached skill level 5 in Fighting
  4397 | D:6      | Reached XP level 9. HP: 47/61 MP: 9/9
  4456 | D:6      | Noticed Vash's ghost (novice DsGl)
  4474 | D:6      | Killed Vash's ghost
  4474 | D:6      | Reached skill level 10 in Long Blades
  4498 | D:6      | Found Setainusch's Weapon Emporium.
  4506 | D:6      | Bought a +0 long sword for 52 gold pieces
  4947 | D:6      | Found a staircase to the Ecumenical Temple.
  5159 | D:7      | Reached XP level 10. HP: 70/71 MP: 10/10
  5188 | D:7      | Found Onker's General Store.
  5333 | D:7      | Found a runed door.
  5336 | D:7      | Noticed a sixfirhy
  5472 | D:7      | Reached ***** piety under Trog
  5638 | D:7      | Found a basalt altar of Yredelemnul.
  5873 | D:7      | Found a blossoming altar of Fedhas.
  5985 | D:7      | Found an iron altar of Okawaru.
  6247 | D:8      | Found a hazy altar of Hepliaklqana.
  6294 | D:8      | Found a hide-covered altar of Uskayaw.
  6484 | D:8      | Found a roughly hewn altar of Beogh.
  6841 | D:9      | Found Wutiry's Gadget Shoppe.
  6912 | D:9      | Noticed a two-headed ogre
  6921 | D:9      | Killed a two-headed ogre
  6921 | D:9      | Reached XP level 11. HP: 80/80 MP: 11/11
  7009 | D:9      | Reached skill level 10 in Fighting
  7242 | D:9      | Paralysed by a hornet for 2 turns
  7250 | D:9      | Paralysed by a hornet for 1 turns
  7735 | D:9      | Noticed a two-headed ogre
  7756 | D:9      | Received a gift from Trog
  7808 | D:9      | Killed a two-headed ogre
  8235 | D:9      | Reached skill level 5 in Armour
  9151 | D:10     | Entered Level 10 of the Dungeon
  9327 | D:10     | Noticed Snorg
  9331 | D:10     | Found a staircase to the Lair.
  9343 | D:10     | Killed Snorg
  9343 | D:10     | Received a gift from Trog
  9343 | D:10     | Reached XP level 12. HP: 82/87 MP: 12/12
  9424 | Lair:1   | Entered Level 1 of the Lair of Beasts
  9477 | Lair:1   | Gained mutation: You have an increased reservoir of magic. (+10% MP) [potion of beneficial mutation]
  9729 | Lair:1   | Found a sacrificial altar of Ru.
  9897 | Lair:1   | Reached ****** piety under Trog
 10562 | Lair:1   | Noticed an eight-headed hydra
 10569 | Lair:1   | Killed an eight-headed hydra
 10708 | Lair:2   | Noticed Sonja
 10716 | Lair:2   | Cast into level 1 of the Abyss (Sonja)
 10716 | Abyss:1  | Found a corrupted altar of Lugonu.
 10736 | Abyss:1  | Found a corrupted altar of Lugonu.
 10769 | Abyss:1  | Noticed a wretched star
 10782 | Abyss:1  | Killed a wretched star
 10817 | Abyss:1  | Noticed a tentacled starspawn
 10823 | Abyss:1  | Killed a tentacled starspawn
 10858 | Abyss:1  | Noticed a starcursed mass
 10871 | Abyss:1  | Killed a starcursed mass
 10879 | Abyss:1  | Killed a starcursed mass
 10921 | Abyss:1  | Reached skill level 10 in Armour
 10921 | Abyss:1  | Reached XP level 13. HP: 44/92 MP: 6/14
 10995 | Abyss:1  | Noticed a starcursed mass
 11016 | Lair:2   | Escaped the Abyss
 11152 | Lair:2   | Cast into level 2 of the Abyss (Sonja)
 11180 | Abyss:2  | Noticed a starcursed mass
 11191 | Abyss:2  | Paralysed by accursed screaming for 1 turns
 11202 | Abyss:2  | Reached skill level 5 in Dodging
 11249 | Abyss:2  | Noticed a starcursed mass
 11262 | Abyss:2  | Received a gift from Trog
 11346 | Abyss:2  | Found a shimmering altar of Xom.
 11389 | Abyss:2  | Noticed a starcursed mass
 11412 | Abyss:2  | Killed a starcursed mass
 11417 | Abyss:2  | Killed a starcursed mass
 11535 | Abyss:2  | Noticed a great orb of eyes
 11548 | Abyss:2  | Killed a great orb of eyes
 11550 | Lair:2   | Escaped the Abyss
 11560 | Lair:2   | Killed Sonja
 11770 | Lair:2   | Noticed an eight-headed hydra
 11783 | Lair:2   | Killed a two-headed hydra
 11793 | Lair:2   | Got an encrusted flail
 11794 | Lair:2   | Identified the +5 flail "Halfling's Curse" {antimagic, rC++ MR-} (You found it on level 2 of the Lair of Beasts)
 12579 | Lair:3   | Found a hole to the Spider Nest.
 12967 | Lair:4   | Found a staircase to the Swamp.
 13040 | Lair:4   | Reached skill level 1 in Shields
 13067 | Lair:4   | Reached XP level 14. HP: 40/99 MP: 10/15
 13560 | Lair:4   | Received a gift from Trog
 14206 | Lair:5   | Reached skill level 5 in Shields
 14234 | Lair:5   | Found a viscous altar of Jiyva.
 14237 | Lair:5   | Found a staircase to the Slime Pits.
 14678 | Lair:6   | Entered Level 6 of the Lair of Beasts
 14695 | Lair:6   | Reached skill level 10 in Dodging
 16123 | Lair:6   | Reached XP level 15. HP: 98/103 MP: 14/16
 16829 | D:10     | Reached skill level 15 in Long Blades
 16902 | D:10     | Received a gift from Trog
 17160 | D:10     | Got an iridescent flail
 17161 | D:10     | Identified the +8 flail of Triumph {chaos, rPois rF- rN+ Int+2} (You found it on level 10 of the Dungeon)
 18056 | D:11     | Found a roughly hewn altar of Beogh.
 18056 | D:11     | Found a staircase to the Orcish Mines.
 18753 | Orc:1    | Entered Level 1 of the Orcish Mines
 18773 | Orc:1    | Received a gift from Trog
 19254 | Orc:2    | Entered Level 2 of the Orcish Mines
 19261 | Orc:2    | Found a roughly hewn altar of Beogh.
 19559 | Orc:2    | Noticed an orc warlord
 19929 | Orc:2    | Found a roughly hewn altar of Beogh.
 19930 | Orc:2    | Found Culyive's Food Boutique.
 20121 | Orc:2    | Found a roughly hewn altar of Beogh.
 20121 | Orc:2    | Found Wosisosch's Armour Shoppe.
 20233 | Orc:2    | Killed an orc warlord
 20234 | Orc:2    | Received a gift from Trog
 20418 | Orc:2    | Found a staircase to the Elven Halls.
 20513 | Orc:2    | Found Paoradd's Antique Weapon Shop.
 20513 | Orc:2    | Found a roughly hewn altar of Beogh.
 20516 | Orc:2    | Found Byru's Antique Armour Boutique.
 20535 | Orc:2    | Bought an embroidered cloak for 241 gold pieces
 20616 | Orc:2    | Found a roughly hewn altar of Beogh.
 21817 | D:13     | Received a gift from Trog
 21981 | D:13     | Reached XP level 16. HP: 97/114 MP: 15/17
 22033 | D:13     | Found a gate to the Vaults.
 22521 | D:14     | Noticed Josephine
 22559 | D:14     | Killed Josephine
 22807 | D:14     | Received a gift from Trog
 23003 | D:15     | Entered Level 15 of the Dungeon
 23363 | D:15     | Found a staircase to the Depths.
 23432 | D:15     | Received a gift from Trog
 23438 | D:15     | Got an ichor-stained falchion {god gift}
 23443 | D:15     | Identified the +12 falchion of Success {venom, Dex+6} (Trog gifted it to you on level 15 of the Dungeon)
 24538 | Swamp:1  | Entered Level 1 of the Swamp
 24570 | Swamp:1  | Noticed a tentacled monstrosity
 24580 | Swamp:1  | Killed a tentacled monstrosity
 24731 | Swamp:1  | Identified Wizardry, Part Three
 25253 | Swamp:2  | Reached skill level 15 in Armour
 25347 | Swamp:2  | Received a gift from Trog
 25580 | Swamp:2  | Noticed Roxanne
 25605 | Swamp:2  | Killed Roxanne
 25605 | Swamp:2  | Reached XP level 17. HP: 119/119 MP: 13/18
 26078 | Swamp:3  | Noticed a thorn hunter
 26085 | Swamp:3  | Killed a thorn hunter
 26109 | Swamp:3  | Reached skill level 15 in Dodging
 26473 | Swamp:3  | Noticed Jorgrun
 26481 | Swamp:3  | Noticed a thorn hunter
 26499 | Swamp:3  | Killed Jorgrun
 26503 | Swamp:3  | Killed a thorn hunter
 27244 | Swamp:4  | Entered Level 4 of the Swamp
 27254 | Swamp:4  | Identified a scroll of acquirement
 27255 | Swamp:4  | Got a twisted helmet
 27266 | Swamp:4  | Identified the +4 helmet of Springtime {*Drain rPois Stlth+} (You acquired it on level 4 of the Swamp)
 27413 | Swamp:4  | Noticed a thorn hunter
 27413 | Swamp:4  | Noticed Bai Suzhen
 27519 | Swamp:4  | Upgraded the game from 0.20-a0-443-g0464b71 to 0.20-a0-449-g96be121
 27760 | Swamp:4  | Paralysed by a hornet for 1 turns
 27762 | Swamp:4  | Received a gift from Trog
 28009 | Swamp:4  | Killed Bai Suzhen
 28021 | Swamp:4  | Killed a thorn hunter
 28078 | Swamp:4  | Got a decaying rune of Zot
 28305 | Swamp:4  | Reached XP level 18. HP: 126/126 MP: 19/19
 29005 | Vaults:1 | Entered Level 1 of the Vaults
 30578 | Depths:1 | Entered Level 1 of the Depths
 30999 | Depths:1 | HP: 4/132 [ettin (illusionary)/dire flail (4)]
 30999 | Depths:1 | Slain by a rakshasa

Vault maps used:
D:1:      kennysheep_arrival_forest, minmay_misc_feat_five,
          minmay_misc_feat_pillars
D:2:      first_bread, serial_bayou_lagoon_b, uniq_iyjb
D:4:      nicolae_overflow_hidden_temple, tgw_trog, lightli_sewer_entry_pipes,
          eino_curves_02
D:5:      lemuel_crystal_altar, nicolae_dithmenos_the_darkroom
D:6:      serial_glass, glass_columns_a, glass_columns_a, serial_shops, shop
D:7:      cheibrodos_shockbox, lemuel_coloured_pillars_altar, marbit_many_paths,
          lemuel_crystal_altar, serial_shops, nicolae_shop_waterfront
D:8:      grunt_temple_overflow_open, special_room
D:9:      minmay_bloctagon, serial_shops, shop_fountains, st_stairs_5,
          minivault_27
D:10:     minmay_lair_entry_lava, uniq_snorg
D:11:     david_orc_5
D:12:     hangedman_pestilent_swarm
D:13:     grunt_vaults_entry_tiered
D:14:     infiniplex_staircase_spiral, uniq_josephine
D:15:     hangedman_depths_entry_try_elsewhere_first, kennysheep_flooded_box,
          minivault_24
Lair:1:   lemuel_ratsnest, basic_altar, ldierk_geyser, hibernation_bobbens
Lair:2:   uniq_sonja
Lair:3:   spider_nest_entry_rubble, pond
Lair:4:   minmay_swamp_entry_wisps, infiniplex_staircase_pool
Lair:5:   slime_altar_1, st_stairs_6, grunt_megastairs_1
Lair:6:   evilmike_catoblepas_cave
Swamp:1:  serial_swamp_ruin, evilmike_swamp_ruin_house_2,
          evilmike_swamp_ruin_house_6, evilmike_swamp_ruin_house_5
Swamp:2:  hangedman_swamp_pad, swamp_pool5, uniq_roxanne
Swamp:3:  nicolae_swamp_round_clearing, uniq_jorgrun
Swamp:4:  swamp_alternative, swamp_pool1, nicolae_swamp_triple_paths,
          uniq_bai_suzhen
Orc:2:    grunt_orc_community_town_hall, grunt_orc_community_big_house_1,
          grunt_orc_community_big_house_1, grunt_orc_community_house_3,
          grunt_orc_community_house_3, grunt_orc_community_house_3,
          grunt_orc_community_house_3
Vaults:1: ontoclasm_vaults_ring_square, nicolae_vaults_halls_meeting, v_misc_18,
          nicolae_vaults_little_squares_2
Depths:1: enter_ziggurat_c, kennysheep_big_empty_room, hell_entry, serial_glass,
          glass_columns_b, glass_columns_b, glass_columns_b, glass_columns_a,
          glass_columns_a, glass_columns_c, glass_columns_c, glass_columns_a,
          glass_columns_c, glass_columns_a, glass_columns_a, glass_columns_b,
          glass_columns_a, glass_columns_b, guppyfry_shop_venom, uniq_aizul
Abyss:2:  onia_ninara_dug_in_and_dangerous, minivault_1
Sewer:    sewer_the_crocodile

Skill      XL: |  1  2  3  4  5  6  7  8  9 10 11 12 13 14 15 16 17 18 |
---------------+-------------------------------------------------------+-----
Long Blades    | 4 5 6 7 8 9 10 12 13 14 15 | 15.0
Fighting       | 4 5 7 9 10 12 14 | 14.6
Armour         | 6 10 12 13 15 16 17 | 17.0
Dodging        | 8 11 12 14 16 17 | 17.0
Shields        | 1 8 9 |  9.0

Action                   |  1- 3 |  4- 6 |  7- 9 | 10-12 | 13-15 | 16-18 || total
-------------------------+-------+-------+-------+-------+-------+-------++-------
Melee: Falchion          |   129 |   166 |   279 |       |       |       ||   574
       Long sword        |       |       |   105 |   400 |       |       ||   505
       Double sword      |       |       |       |   408 |  1209 |  1214 ||  2831
       Short sword       |       |       |       |     5 |       |       ||     5
       Scimitar          |       |       |       |       |    42 |    95 ||   137
Throw: Tomahawk          |       |       |       |       |     8 |       ||     8
Invok: Berserk           |     1 |     5 |     8 |    15 |     7 |    11 ||    47
       Trog's Hand       |       |       |       |     8 |    15 |    20 ||    43
       Brothers in Arms  |       |       |       |       |     1 |     7 ||     8
Evoke: Wand              |       |       |       |       |     2 |       ||     2
  Use: Scroll            |       |     3 |    10 |     8 |    15 |    18 ||    54
       Potion            |       |       |       |     4 |     4 |     6 ||    14
 Stab: Sleeping          |     1 |       |       |     2 |       |       ||     3
  Eat: Chunk             |     2 |     8 |    17 |    34 |    32 |    30 ||   123
       Pizza             |       |       |       |     2 |       |     1 ||     3
       Royal jelly       |       |       |       |       |     3 |       ||     3
       Meat ration       |       |       |       |       |     2 |     4 ||     6
       Beef jerky        |       |       |       |       |     1 |     1 ||     2
       Fruit             |       |       |       |       |       |     2 ||     2
Armor: Chain mail        |    56 |    68 |    25 |       |       |       ||   149
       Animal skin       |     1 |       |       |       |       |       ||     1
       Troll leather arm |       |       |    71 |    39 |       |       ||   110
       Plate armour      |       |       |       |   335 |   497 |   607 ||  1439
Dodge: Dodged            |    76 |    84 |   171 |   363 |   814 |  1449 ||  2957
Block: Other             |       |     4 |    11 |    33 |       |     9 ||    57
       Shield            |       |       |       |       |     5 |       ||     5
       Rpst.: Falchion   |    20 |    28 |    41 |       |       |       ||    89
       Long sword        |       |       |    19 |    48 |       |       ||    67
       Double sword      |       |       |       |    44 |   204 |   251 ||   499
       Scimitar          |       |       |       |       |     7 |    12 ||    19
